 Dungeon Crawl Stone Soup version 0.26.1-11-gd32895ea62 (webtiles) character file.

Game seed: 4058277518477698778

945 Almogavar the Firebug (level 7, -7/48 HPs)
             Began as a Demonspawn Fire Elementalist on July 14, 2021.
             Was a Believer of Sif Muna.
             Mangled by a wraith (9 damage)
             ... in an ossuary.
             The game lasted 00:20:32 (5795 turns).

Almogavar the Firebug (DsFE)                        Turns: 5795, Time: 00:20:32

Health: -7/48      AC:  6    Str:  9      XL:     7   Next: 89%
Magic:  29/32      EV: 12    Int: 18      God:    Sif Muna [**....]
Gold:   240        SH:  0    Dex: 10 (13) Spells: 12/16 levels left

rFire    + . .     SeeInvis .   k - +4 trident
rCold    + . .     Faith    .   (no shield)
rNeg     . . .     Spirit   .   a - +0 robe
rPois    .         Reflect  .   (no helmet)
rElec    .         Harm     .   b - scarf {rC+ rF+}
rCorr    .         Rampage  .   (no gloves)
Will     .....                  y - +1 pair of boots
Stlth    ++........             n - amulet of the acrobat
HPRegen  0.16/turn              s - ring of magical power
MPRegen  0.23/turn              j - ring of magical power

@: slowed, very slow
A: hooves 1, icy blue scales 1, demonic guardian 1
a: Renounce Religion, Channel Magic


You were in an ossuary.
You worshipped Sif Muna.
Sif Muna was pleased with you.
You visited 1 branch of the dungeon, and saw 6 of its levels.
You also visited: Ossuary.

You collected 240 gold pieces.

Inventory:

Hand Weapons
 k - a +4 trident (weapon)
 u - a +2 dagger of speed
Missiles
 c - 168 stones
Armour
 a - a +0 robe (worn)
 b - a scarf of resistance (worn)
 y - a +1 pair of boots (worn)
 z - a +3 leather armour
 A - a +4 ring mail
Jewellery
 j - a ring of magical power (right hand)
 n - an amulet of the acrobat (around neck)
 s - a ring of magical power (left hand)
 t - an uncursed ring of protection from cold
 E - an uncursed ring of fire
Wands
 w - a wand of random effects (26)
 x - a wand of paralysis (8)
Scrolls
 d - a scroll of fear
 e - 4 scrolls of remove curse
 f - a scroll of amnesia
 h - 9 scrolls of teleportation
 i - a scroll of magic mapping {unknown}
Potions
 g - 2 potions of haste {unknown}
 m - a potion of magic {unknown}
 o - a potion of heal wounds {unknown}
 p - 4 potions of might
 q - 2 potions of flight {unknown}
 r - 2 potions of lignification {unknown}
 v - 2 potions of mutation {unknown}
 C - a potion of berserk rage {unknown}
 D - a potion of cancellation {unknown}


   Skills:
 + Level 1.0 Fighting
 + Level 2.6 Dodging
 + Level 2.3 Stealth
 + Level 5.0 Spellcasting
 + Level 3.7 Conjurations
 + Level 5.8 Fire Magic


You had 12 spell levels left.
You knew the following spells:

 Your Spells              Type           Power        Failure   Level
a - Foxfire               Conj/Fire      84%          1%          1
b - Conjure Flame         Conj/Fire      21%          5%          3

Your spell library contained the following spells:

 Spells                   Type           Power        Failure   Level
 Inner Flame              Hex/Fire       15%          12%         3
 Sticky Flame             Conj/Fire      21%          19%         4
 Fireball                 Conj/Fire      10%          45%         5


Dungeon Overview and Level Annotations

Branches:
Dungeon (6/15)            Ossuary (1/1)
 Temple: D:4-7

Altars:
Ashenzari
Makhleb
Qazlal
Sif Muna
Uskayaw
Xom


Innate Abilities, Weirdness & Mutations

You have large cloven feet.
You are partially covered in icy blue scales. (AC +2)
A weak demonic guardian rushes to your aid.


Message History

The foxfire hits the wraith.
The wraith is almost destroyed.
The foxfire hits the wraith but does no damage.
The wraith is almost destroyed.
The wraith closely misses you.
You feel better. The wraith hits you!
* * * LOW HITPOINT WARNING * * *
The wraith drains your vigour!
You feel as though you will be slow longer.
You feel better. The wraith closely misses you. The wraith misses you.
The wraith hits you!
* * * LOW HITPOINT WARNING * * *
The wraith drains your vigour!
You feel as though you will be slow longer.
Okay, then.
The wraith completely misses you.
Casting: Foxfire (safe; 1% risk of failure)
Confirm with . or Enter, or press ? or * to list all spells.
You conjure some foxfire!
The wraith hits you!
You die...

#..####.......#+#.......###
#..# +....8...# #...8....'.
#..####.......###.......###
#.............^............
#.^......#ยง#..#.#..#.#.....
#..####..#'#..#'#..#'#..###
#..#.'...#!#..#.#..#.#...'.
#..####..###..###..###..###
#........v@W...............
#.......5v.................
###########################


You could see a wraith and a friendly ufetubus (summoned).

Vanquished Creatures
  A phantom (D:5)
  A scorpion (D:4)
  A crimson imp (D:5)
  A quasit (D:5)
  4 orc priests
  2 hounds
  2 bullfrog skeletons
  4 iguanas
  2 orc wizards
  2 worker ants
  A hound zombie (D:5)
  A hound skeleton (D:4)
  2 mummies
  A howler monkey zombie (D:5)
  8 adders
  A white imp (D:5)
  2 ufetubi
  An ooze (D:1)
  An adder skeleton (D:5)
  5 worms
  3 dart slugs
  7 leopard geckos
  9 orcs
  2 ball pythons (D:4)
  3 giant cockroaches (D:1)
  5 goblins
  4 hobgoblins
  2 jackals (D:4)
  2 quokkas
  6 bats
  6 frilled lizards
  A giant cockroach zombie (D:5)
  3 goblin zombies (Ossuary)
  2 hobgoblin zombies (Ossuary)
  8 kobolds
  2 kobold zombies (Ossuary)
  An orc zombie (D:6)
  8 rats
117 creatures vanquished.

Vanquished Creatures (collateral kills)
  A bullfrog (D:4)
  A howler monkey (D:4)
  An orc (D:4)
3 creatures vanquished.

Vanquished Creatures (others)
  477 foxfires
477 creatures vanquished.

Grand Total: 597 creatures vanquished

Notes
Turn   | Place    | Note
-------+----------+-------------------------------------------
     0 | D:1      | Almogavar the Demonspawn Fire Elementalist began the quest
                  | for the Orb.
     0 | D:1      | Reached XP level 1. HP: 13/13 MP: 3/3
   211 | D:1      | Gained mutation: A weak demonic guardian rushes to your
                  | aid. [demonic ancestry]
   211 | D:1      | Reached XP level 2. HP: 19/19 MP: 3/5
   833 | D:1      | Gained mutation: You are partially covered in icy blue
                  | scales. (AC +2) [demonic ancestry]
   833 | D:1      | Reached XP level 3. HP: 24/24 MP: 6/6
  1886 | D:2      | Found a shimmering blue altar of Sif Muna.
  1892 | D:2      | Became a worshipper of Sif Muna the Loreminder
  1916 | D:2      | Found a faded altar of an unknown god.
  1924 | D:2      | Reached XP level 4. HP: 30/30 MP: 8/8
  2355 | D:3      | Found a burning altar of Makhleb.
  2608 | D:3      | Reached XP level 5. HP: 36/36 MP: 9/9
  2984 | D:4      | Gained mutation: You have large cloven feet. [demonic
                  | ancestry]
  2984 | D:4      | Reached XP level 6. HP: 42/42 MP: 11/11
  3251 | D:4      | Found a stormy altar of Qazlal.
  3292 | D:4      | Reached * piety under Sif Muna
  3467 | D:4      | Found a hide-covered altar of Uskayaw.
  3847 | D:5      | Entered Level 5 of the Dungeon
  3852 | D:5      | Reached skill level 5 in Fire Magic
  3876 | D:5      | Reached XP level 7. HP: 47/47 MP: 13/13
  3964 | D:5      | Reached skill level 1 in Fighting
  4810 | D:5      | Found a shimmering altar of Xom.
  4810 | D:5      | Found a burning altar of Makhleb.
  5193 | D:5      | Found a broken altar of Ashenzari.
  5310 | D:5      | Learned a level 3 spell: Conjure Flame
  5350 | D:6      | Reached skill level 5 in Spellcasting
  5416 | D:6      | Found a sand-covered staircase.
  5425 | Ossuary  | Entered an ossuary
  5425 | Ossuary  | Noticed a wraith
  5425 | Ossuary  | Noticed a wraith
  5425 | Ossuary  | Noticed a wraith
  5471 | Ossuary  | Reached ** piety under Sif Muna
  5758 | Ossuary  | Noticed a wraith
  5785 | Ossuary  | HP: 2/48 [wraith (8)]
  5793 | Ossuary  | HP: 1/48 [wraith (13)]
  5795 | Ossuary  | Mangled by a wraith

Illustrated notes

Levels and vault maps discovered:
D:1:      sevenhm_arrival_forest_fort_small_5, layout_basic, serial_rivers,
          chequers_serial_rivers_micro_a, chequers_serial_rivers_small_b,
          chequers_serial_rivers_large_b, chequers_serial_rivers_micro_d,
          chequers_serial_rivers_micro_a, chequers_serial_rivers_micro_b,
          chequers_serial_rivers_small_a, minmay_misc_feat_nine_boxes,
          minivault_25
D:2:      layout_basic, led_sif_pool, chequers_ecumenical_altar_simple
D:3:      layout_rooms, makhleb_blood_cavern_becter
D:4:      layout_basic, nicolae_overflow_hidden_temple, general_overflow_altar,
          kennysheep_another_room
D:5:      layout_cave_pods, grunt_temple_overflow_champion_of_chaos, basic_altar
D:6:      layout_gridville, minmay_temple_entry_poolview,
          nicolae_ossuary_entry_giza, chequers_serial_rivers_micro_e
Ossuary:  ossuary_kennysheep_city_of_the_dead

Skill      XL: |  1  2  3  4  5  6  7 |
---------------+----------------------+-----
Fire Magic     | 3 4 5 |  5.8
Dodging        | 2 |  2.6
Spellcasting   | 3 4 5 |  5.0
Stealth        | 2 |  2.3
Conjurations   | 2 3 |  3.7
Fighting       | 1 |  1.0

Action                   |  1- 3 |  4- 6 |  7- 9 || total
-------------------------+-------+-------+-------++-------
Melee: Whip              |     1 |       |     1 ||     2
       Trident           |       |       |    11 ||    11
 Cast: Foxfire           |    72 |   104 |   115 ||   291
Evoke: Wand              |       |       |     1 ||     1
  Use: Scroll            |       |     6 |     3 ||     9
       Potion            |       |       |     3 ||     3
Armor: Robe              |     5 |    10 |    23 ||    38
Dodge: Dodged            |    16 |    43 |    61 ||   120
